 Dungeon Crawl Stone Soup version 0.16.1-30-g34a7ffa (webtiles) character file.

2312 Gorobo the Sneak (level 9, -4/46 HPs)
             Began as a Vine Stalker Enchanter on June 28, 2015.
             Was an Initiate of Nemelex Xobeh.
             Shot with a sling bullet by Joseph (13 damage)
             ... on level 7 of the Dungeon.
             The game lasted 01:43:58 (9285 turns).

Gorobo the Sneak (Vine Stalker Enchanter)           Turns: 9285, Time: 01:43:58

Health: -4/46      AC:  1    Str: 16      XL:     9   Next: 41%
Magic:  0/21       EV: 13    Int: 18      God:    Nemelex Xobeh [......]
Gold:   440        SH:  0    Dex:  9 (14) Spells: 3 memorised, 10 levels left

rFire  . . .     SeeInvis .     w - +4 spear (pierce)
rCold  . . .     Clarity  .     (no armour)
rNeg   . . .     SustAb   .     (no shield)
rPois  .         Gourm    .     (no helmet)
rElec  .         Spirit   +     (no cloak)
rCorr  .         Warding  .     D - +0 pair of gloves
rMut   .         Stasis   .     (no boots)
MR     +....                    p - amulet of regeneration
Stlth  +++.......               (no ring)
                                m - +4 ring of strength

@: somewhat resistant to hostile enchantments, fairly stealthy
A: fangs 3, regeneration 2, magic shield, antimagic bite, no device heal 3, rot
immunity
a: Renounce Religion


You were on level 7 of the Dungeon.
You worshipped Nemelex Xobeh.
Nemelex Xobeh was noncommittal.
You were not hungry.

You visited 2 branches of the dungeon, and saw 9 of its levels.

You collected 440 gold pieces.

Inventory:

Hand weapons
 a - a +1 dagger
 u - a +1 long sword of slicing
 w - a +4 spear of piercing (weapon)
Missiles
 k - 4 tomahawks (quivered)
Armour
 b - a +1 robe
 e - a +0 robe
 n - the cursed -6 buckler "Pisicu Haha" {+Inv rPois rF+ Int-5 Dex+4, unknown}
   (You found it on level 6 of the Dungeon)

   It affects your intelligence (-5).
   It affects your dexterity (+4).
   It protects you from fire.
   It protects you from poison.
   It lets you turn invisible.
   It has a curse placed upon it.
 D - a +0 pair of gloves (worn)
 P - a +3 chain mail
Jewellery
 m - a +4 ring of strength (left hand)
 p - an amulet of regeneration (around neck)
 B - an uncursed amulet of clarity
 K - a cursed -2 ring of evasion {unknown}
Magical devices
 f - a wand of teleportation (0)
 L - a wand of frost (32)
Scrolls
 g - 4 scrolls of identify
 h - 2 scrolls of teleportation {unknown}
 i - a scroll of enchant armour {unknown}
 j - a scroll of acquirement {unknown}
 q - a scroll of enchant weapon {unknown}
 r - 4 scrolls of remove curse
 v - 2 scrolls of immolation {unknown}
 C - 3 scrolls of amnesia
 F - a scroll of fog {unknown}
 N - a scroll of recharging {unknown}
Potions
 o - a potion of berserk rage {unknown}
 s - 3 potions of curing
 t - a potion of brilliance {unknown}
 z - a potion of mutation
 E - 2 potions of invisibility {unknown}
 G - a potion of degeneration {unknown}
 I - a potion of ambrosia {unknown}
 M - a potion of magic {unknown}
Books
 c - a book of Maledictions

   Spells                             Type                      Level
   a - Corona                         Hexes                        1
   b - Sure Blade                     Hexes/Charms                 2
   c - Ensorcelled Hibernation        Hexes/Ice                    2
   d - Confuse                        Hexes                        3
   e - Dazzling Spray                 Conjuration/Hexes            3
   f - Enslavement                    Hexes                        4
 y - a book of Envenomations

   Spells                             Type                      Level
   a - Spider Form                    Transmutation/Poison         3
   b - Alistair's Intoxication        Transmutation/Poison         4
   c - Olgreb's Toxic Radiance        Poison                       4
   d - Poisonous Cloud                Conjuration/Poison/Air       6
 H - a book of Spatial Translocations

   Spells                             Type                      Level
   a - Apportation                    Translocation                1
   b - Blink                          Translocation                2
   c - Shroud of Golubria             Charms/Translocation         2
   d - Portal Projectile              Translocation                3
   e - Teleport Other                 Translocation                3
   f - Passage of Golubria            Translocation                4
Miscellaneous
 x - a plain deck of escape {drawn: 9}
Comestibles
 d - 3 bread rations
 l - 4 meat rations
 A - 3 fruits
 J - 4 chunks of flesh
 O - a slice of pizza


   Skills:
 * Level 4.9 Fighting
 - Level 0.8 Short Blades
 - Level 2.6 Polearms
 + Level 5.5 Dodging
 - Level 7.3 Stealth
 + Level 4.5 Spellcasting
 - Level 5.0 Hexes
 - Level 2.8 Ice Magic
 * Level 1.0 Evocations


You had 10 spell levels left.
You knew the following spells:

 Your Spells              Type           Power        Failure   Level  Hunger
a - Blink                 Tloc           N/A          21%         2    #......
A - Ensorcelled Hibernat  Hex/Ice        ###...       4%          2    #......
C - Confuse               Hex            ###.....     6%          3    ###....


Dungeon Overview and Level Annotations

Branches:
Dungeon (8/15)             Temple (1/1) D:5
   Lair: D:8-11

Altars:
Ashenzari
Cheibriados
Dithmenos
Elyvilon
Fedhas
Gozag
Makhleb
Nemelex Xobeh
Okawaru
Sif Muna
Trog
Vehumet
Xom
Yredelemnul
Zin
The Shining One

Annotations:
D:2 Robin
D:3 Sigmund
D:5 nicksoapdish's ghost, experienced OpTm
D:7 Joseph


Innate Abilities, Weirdness & Mutations

You have razor-sharp teeth.
You heal very quickly.
When hurt, damage is shared between your health and your magic reserves.
Your bite disrupts and absorbs the magic of your enemies.
Potions and wands cannot restore your health.
You are immune to rotting.


Message History

You draw a card...
It is the Elixir.
Evoke which item? (* to show all) (? for menu, Esc to quit)
You draw a card...
It is Velocity.
Joseph seems to speed up.
Joseph hits you with an uncursed quarterstaff of protection!
* * * LOW HITPOINT WARNING * * *
Joseph barely misses you.
Casting: Ensorcelled Hibernation
Confirm with . or Enter, or press ? or * to list all spells.
You blink.
Joseph unwields an uncursed quarterstaff of protection.
Joseph wields an uncursed hunting sling.
Joseph shoots a sling bullet.
The sling bullet hits you!
* * * LOW HITPOINT WARNING * * *
Evoke which item? (* to show all) (? for menu, Esc to quit)
Zapping:
f - a wand of teleportation {zapped: 5} (will waste charges)
Press: ? - help, Shift-Dir - straight line, f - you Nothing appears to happen.
Joseph shoots a sling bullet.
The sling bullet hits you!!
You die...
Your body disappears without a glow.

#....#........# #...###...#...#
######### ####..####.####..#
#...O...#
#......##...##...#####.#####.##
#........._..(......##.#.....(.
#.......#...........##.#.###.##
#.......###.........##.#.#.#.#
#.......###.........##.#...#.#
#........#...(@.....##.#.#.#.#
###...........@###....##.#...#.#
.('(...(.........[............>##
###.....######@###....##.#....#..
#.....# ##'#########.####.#.#
###.....# #.......# #.# #.#.#
.......## #.......# #.# #.#.#
######.# #.......# #.####.#.# #.#
#.......# #......#<#


You could see Joseph.

Vanquished Creatures
  4 yaks (D:4)
  A water moccasin (D:7)
  A sky beast (D:6)
  2 centaurs
  A necrophage (D:7)
  2 ogres (D:6)
  4 giant frogs (D:6)
  A goliath beetle (D:6)
  2 crimson imps
  3 hounds
  A quasit (D:6)
  3 giant frog skeletons
  2 iguanas
  An orc priest (D:7)
  An orc wizard (D:7)
  2 worker ants (D:5)
  8 gnolls
  12 adders
  2 shadow imps
  5 worms
  An adder skeleton (D:4)
  2 oozes
  3 giant geckos
  12 orcs
  3 ball pythons
  A bat skeleton (D:5)
  27 goblins
  17 hobgoblins
  10 jackals
  12 kobolds
  12 bats
  4 giant cockroaches
  A giant gecko zombie (D:6)
  4 giant newts
  3 quokkas
  10 rats
  A spectral orc (D:2)
181 creatures vanquished.

Notes
Turn   | Place    | Note
--------------------------------------------------------------
     0 | D:1      | Gorobo, the Vine Stalker Enchanter, began the quest for the Orb.
     0 | D:1      | Reached XP level 1. HP: 9/9 MP: 3/3
   312 | D:1      | Reached skill level 4 in Stealth
   324 | D:1      | Reached XP level 2. HP: 10/13 MP: 3/5
   776 | D:1      | Reached XP level 3. HP: 15/17 MP: 5/7
   972 | D:1      | Learned a level 2 spell: Ensorcelled Hibernation
  1181 | D:2      | Reached skill level 1 in Fighting
  1582 | D:2      | Reached XP level 4. HP: 19/22 MP: 5/9
  1756 | D:2      | Noticed Robin
  1888 | D:2      | Found a basalt altar of Yredelemnul.
  2303 | D:2      | Reached skill level 1 in Ice Magic
  2595 | D:2      | Reached XP level 5. HP: 25/25 MP: 12/12
  2816 | D:3      | Learned a level 3 spell: Confuse
  3079 | D:3      | Noticed Sigmund
  3532 | D:3      | Reached skill level 5 in Stealth
  3532 | D:3      | Gained mutation: You heal very quickly. [vine stalker growth]
  3532 | D:3      | Reached XP level 6. HP: 30/30 MP: 15/15
  3546 | D:3      | Found a white marble altar of Elyvilon.
  4094 | D:4      | Found a sparkling altar of Nemelex Xobeh.
  4375 | D:5      | Entered Level 5 of the Dungeon
  4486 | D:5      | Noticed nicksoapdish's ghost (experienced OpTm)
  4795 | D:5      | Noticed a yak
  4807 | D:5      | Noticed a yak
  4809 | D:5      | Noticed a yak
  4809 | D:5      | Noticed a yak
  4811 | D:5      | Noticed a yak
  4812 | D:5      | Noticed a yak
  4853 | D:4      | Killed a yak
  5024 | D:4      | Reached XP level 7. HP: 33/35 MP: 17/17
  5412 | D:5      | Found a staircase to the Ecumenical Temple.
  5418 | Temple   | Entered the Ecumenical Temple
  5909 | D:4      | Became a worshipper of Nemelex Xobeh the Trickster
  6513 | D:4      | Killed a yak
  6537 | D:4      | Reached skill level 1 in Polearms
  6537 | D:4      | Gained mutation: You have razor-sharp teeth. [vine stalker growth]
  6537 | D:4      | Reached XP level 8. HP: 37/40 MP: 19/19
  6638 | D:4      | Killed a yak
  6866 | D:4      | Killed a yak
  6968 | D:6      | Received a gift from Nemelex Xobeh
  7075 | D:6      | Reached skill level 6 in Stealth
  7234 | D:6      | Got an ichor-stained buckler
  7769 | D:6      | Reached XP level 9. HP: 43/46 MP: 11/21
  7996 | D:6      | Found a deep blue altar of Sif Muna.
  8143 | D:7      | Reached skill level 5 in Dodging
  8150 | D:7      | Reached skill level 7 in Stealth
  8150 | D:7      | Reached skill level 1 in Evocations
  8235 | D:7      | Noticed Joseph
  8252 | D:7      | Found a bloodstained altar of Trog.
  8529 | D:7      | Learned a level 2 spell: Blink
  8740 | D:8      | Noticed a hill giant
  9182 | D:6      | Reached skill level 5 in Hexes
  9285 | D:7      | Shot with a sling bullet by Joseph

Action                   |  1- 3 |  4- 6 |  7- 9 || total
-------------------------+-------+-------+-------++-------
Melee: Dagger            |   125 |   432 |    73 ||   630
       Spear             |       |       |   291 ||   291
 Cast: Corona            |    13 |     1 |       ||    14
       Ensorcelled Hiber |    14 |    27 |    15 ||    56
       Confuse           |       |     9 |    12 ||    21
       Blink             |       |       |     7 ||     7
Evoke: Wand              |       |       |     3 ||     3
       Deck              |       |       |     9 ||     9
  Use: Scroll            |       |       |     5 ||     5
       Potion            |       |       |     2 ||     2
 Stab: Sleeping          |    11 |    21 |    18 ||    50
       Confused          |       |     3 |     2 ||     5
       Distracted        |       |     2 |       ||     2
  Eat: Chunk             |     3 |    13 |    14 ||    30
       Beef jerky        |       |     1 |       ||     1
       Meat ration       |       |       |     1 ||     1
